[Event "*** Titled Tuesday Blitz"]
[Site "Chess.com"]
[Date "2020.11.24"]
[Round "7"]
[White "EvgenyRomanov"]
[Black "saraswathii"]
[Result "1-0"]
[WhiteElo "2598"]
[BlackElo "2409"]
[TimeControl "180+1"]
[EndTime "11:33:45 PST"]
[Termination "EvgenyRomanov won by resignation"]

1. d4 Nf6 2. Nf3 g6 3. g3 Bg7 4. Bg2 d6 5. O-O O-O 6. Nbd2 c5 7. dxc5 dxc5 8. e4 Nc6 9. c3 Qc7 10. Qe2 e5 11. Rd1 a6 12. Nc4 b5 13. Ne3 Be6 14.
Nd5 Qb7 15. Bg5 Nd7 16. Rd2 h6 17. Be3 c4 18. Rad1 Kh7 19. Nh4 Nf6 20. Nxf6+ Bxf6 21. Nf5 Bg7 22. Rd6 Rac8 23. Nxg7 Kxg7 24. f4 Rfd8 25. f5 Rxd6 26. Rxd6 Qe7 27. Qd2 Nd4 28. Rxa6 Nc6 29. fxe6 Qxe6 1-0

[Event "*** Titled Tuesday Blitz"]
[Site "Chess.com"]
[Date "2020.11.24"]
[Round "7"]
[White "kleopl"]
[Black "aa175"]
[Result "0-1"]
[WhiteElo "2507"]
[BlackElo "2302"]
[TimeControl "180+1"]
[EndTime "11:33:45 PST"]
[Termination "aa175 won by resignation"]

1. c4 Nf6 2. Nc3 d5 3. cxd5 Nxd5 4. Nf3 g6 5. g3 Bg7 6. Bg2 O-O 7. O-O Nc6 8. d4 e5 9. Nxd5 e4 10. Ng5 Qxd5 11. Nxe4 Qxd4 12. Rb1 Bf5 13. Be3 Qc4 14. b3 Qa6 15. a4 Rad8 16. Qe1 Bd4 17. Bxd4 Nxd4 18.
Rb2 Bxe4 19. Bxe4 Rfe8 20. Qb1 Nxe2+ 21. Kg2 Nc3 22. Qc2 Nxe4 23. Re1 Qf6 24. f3 Ng5 25. Rxe8+ Rxe8 26. Qf2 Nxf3 27. Rc2 Ne1+ 28. Kf1 Qa6+ 0-1

[Event "*** Titled Tuesday Blitz"]
[Site "Chess.com"]
[Date "2020.11.24"]
[Round "7"]
[White "Akhayan"]
[Black "RamyresCoelho"]
[Result "0-1"]
[WhiteElo "2259"]
[BlackElo "2099"]
[TimeControl "180+1"]
[EndTime "11:33:47 PST"]
[Termination "RamyresCoelho won by resignation"]

1. d4 Nf6 2. c4 g6 3. Nc3 d5 4. Nf3 Bg7 5. Qb3 dxc4 6. Qxc4 O-O 7. e4 a6 8. Qb3 Nc6 9. Be3 Ng4 10. d5 Nxe3 11.
fxe3 Ne5 12. Be2 Nxf3+ 13. gxf3 e6 14. O-O-O b5 15. Kb1 Qe7 16. h4 Bb7 17. dxe6 fxe6 18.
h5 c5 19. hxg6 hxg6 20. Rdg1 Qf6 21. Qc2 c4 22. e5 Qf5 23. Qxf5 gxf5 24. Rg6 Kf7 25. Rg2 Rh8 26. Rxh8 Rxh8 27. Rg1 Bxe5 28. Rd1 Rh2 29. Rd7+ Kf6 30. Rxb7 Bxc3 31. bxc3 Rxe2 32. Rb6 Rxe3 0-1

[Event "*** Titled Tuesday Blitz"]
[Site "Chess.com"]
[Date "2020.11.24"]
[Round "7"]
[White "ChessWarrior7197"]
[Black "K_A_S_T_O_R"]
[Result "0-1"]
[WhiteElo "2987"]
[BlackElo "2827"]
[TimeControl "180+1"]
[EndTime "11:33:48 PST"]
[Termination "K_A_S_T_O_R won by resignation"]

1. d4 Nf6 2. Nf3 e6 3. e3 d5 4. Bd3 c5 5. O-O c4 6. Be2 b5 7. b3 Bb7 8. a4 a6 9. c3 Nbd7 10. Ba3 Bxa3 11. Nxa3 Bc6 12. Nc2 Qc7 13. Nb4 O-O 14.
Nd2 Bb7 15. axb5 axb5 16. Qc2 Rfc8 17. Qb2 h6 18. Bf3 Nb6 19. Rxa8 Rxa8 20. Ra1 Rxa1+ 21.
Qxa1 cxb3 22. Nxb3 Na4 23. Kf1 Qc4+ 24. Ke1 Qxb3 25. Kd2 Ne4+ 26. Bxe4 dxe4 27. Nc2 Nb6 28. Nb4 Bd5 29. g4 Nc4+ 30. Ke1 Na3 31. Qc1 Nb1 32.
Kf1 Nxc3 33. Na6 Qb1 34. Kg2 0-1

[Event "*** Titled Tuesday Blitz"]
[Site "Chess.com"]
[Date "2020.11.24"]
[Round "7"]
[White "ajedrezhoy"]
[Black "Chuchofrio1"]
[Result "1-0"]
[WhiteElo "2225"]
[BlackElo "2372"]
[TimeControl "180+1"]
[EndTime "11:33:50 PST"]
[Termination "ajedrezhoy won by resignation"]

1. Nf3 d5 2. b3 Bg4 3. Bb2 Bxf3 4. exf3 Nf6 5. g3 g6 6. Bg2 Bg7 7. O-O e6 8. f4 O-O 9. d3 c5 10. Nd2 Nc6 11. Nf3 Rc8 12. Re1 b6 13. c4 dxc4 14. dxc4 Qxd1 15. Raxd1 Rfd8 16. Ne5 Nxe5 17. Bxe5 Ne8 18.
Bb7 Rxd1 19. Rxd1 Bxe5 20. Bxc8 Bd4 21. Bb7 Nd6 22. Bf3 h5 23. Kf1 Kf8 24. Ke2 Ke7 25. Bc6 Nf5 26. Be4 Nd6 27. Bd3 a5 28. a3 Nf5 29.
Bxf5 exf5 30. b4 Ke6 31. bxa5 bxa5 32. Rb1 Bc3 33. Rb6+ Kd7 34. Kd3 Bd4 35. f3 Bg1 36. h3 Bh2 37. g4 Bxf4 38. gxf5 gxf5 39. Rf6 Bc1 40. a4 Ba3 41. Rxf5 h4 42. Rxf7+ Ke6 43.
Rf4 Bc1 44. Rxh4 Kf5 45. Rh5+ Kf4 46. Rxc5 Kxf3 47. Rxa5 Ba3 48. Rh5 Be7 49. a5 Kf4 50. a6 Kg3 51. a7 1-0

[Event "*** Titled Tuesday Blitz"]
[Site "Chess.com"]
[Date "2020.11.24"]
[Round "7"]
[White "GigaQuparadze"]
[Black "Algeriano22"]
[Result "1-0"]
[WhiteElo "2852"]
[BlackElo "2628"]
[TimeControl "180+1"]
[EndTime "11:33:51 PST"]
[Termination "GigaQuparadze won by resignation"]

1. e4 e5 2. Nf3 Nc6 3. Bb5 a6 4.
Ba4 Nf6 5. O-O Be7 6. Re1 b5 7.
Bb3 d6 8. c3 O-O 9. h3 Nb8 10.
d4 Nbd7 11. a4 Bb7 12. Nbd2 Re8 13. Ng5 Rf8 14. Ba2 c5 15. Ngf3 Re8 16. axb5 axb5 17.
Qb3 c4 18. Qxb5 Ba6 19. Qa4 Nb6 20. Qd1 Bf8 21. b3 cxb3 22. Qxb3 Qc7 23. Ng5 Re7 24. Rb1 Nbd7 25. Ba3 Bd3 26. Nxf7 Rb8 27. Bb4 Bxb1 28. Rxb1 d5 29. Ng5 h6 30. exd5 Kh8 31. d6 1-0

[Event "*** Titled Tuesday Blitz"]
[Site "Chess.com"]
[Date "2020.11.24"]
[Round "7"]
[White "crazy_but_lazy"]
[Black "korbul"]
[Result "1/2-1/2"]
[WhiteElo "2455"]
[BlackElo "2561"]
[TimeControl "180+1"]
[EndTime "11:33:54 PST"]
[Termination "Game drawn by repetition"]

1. g3 d5 2. Bg2 Nf6 3. c4 e6 4. d4 Be7 5. Nf3 O-O 6. O-O c6 7.
b3 Nbd7 8. Nbd2 b6 9. Bb2 Bb7 10. e3 Rc8 11. Qe2 c5 12. Rfd1 Qc7 13. Rac1 Qb8 14. Ne5 Nxe5 15. dxe5 Nd7 16. cxd5 Bxd5 17. e4 Bc6 18. f4 b5 19. h4 a5 20. f5 Nxe5 21. Nf3 Nxf3+ 22. Qxf3 e5 23. Kh2 Rfd8 24.
Kh3 f6 25. g4 Rxd1 26. Rxd1 Rd8 27. Bc3 b4 28. Be1 Bb5 29. Rxd8+ Qxd8 30. Bf1 Bxf1+ 31.
Qxf1 Qd1 32. Qc4+ Kf8 33. Bg3 Qd4 34. Qe6 Qxe4 35. Qc8+ Kf7 36. Qe6+ Kf8 37. Qc8+ Kf7 38.
Qe6+ Kf8 1/2-1/2

[Event "*** Titled Tuesday Blitz"]
[Site "Chess.com"]
[Date "2020.11.24"]
[Round "7"]
[White "OMGCovid-19"]
[Black "guillembaches"]
[Result "1/2-1/2"]
[WhiteElo "1876"]
[BlackElo "2391"]
[TimeControl "180+1"]
[EndTime "11:33:54 PST"]
[Termination "Game drawn by repetition"]

1. e4 c5 2. Nc3 Nc6 3. Bc4 e6 4.
f4 a6 5. a4 Nge7 6. Nf3 d5 7. exd5 exd5 8. Bb3 c4 9. Ba2 b5 10.
axb5 axb5 11. Nxb5 Nb4 12. c3 Nxa2 13. O-O Qb6+ 14.
Nbd4 Bb7 15. Qc2 Nxc1 16. Rxa8+ Bxa8 17. Rxc1 Nc6 18. Re1+ Kd7 19. Qf5+ Kd8 20. Qxf7 Be7 21. Kh1 Re8 22. Ng5 Nxd4 23. cxd4 Qf6 24. Ne6+ Kd7 25. Nc5+ Kd8 26. Ne6+ Kd7 27. Nc5+ Kd8 28. Ne6+ 1/2-1/2

[Event "*** Titled Tuesday Blitz"]
[Site "Chess.com"]
[Date "2020.11.24"]
[Round "7"]
[White "RD4ever"]
[Black "vovachesss"]
[Result "1-0"]
[WhiteElo "2822"]
[BlackElo "2666"]
[TimeControl "180+1"]
[EndTime "11:33:55 PST"]
[Termination "RD4ever won on time"]

1. e4 e5 2. Nf3 d5 3. d3 Nc6 4.
Nbd2 Nge7 5. g3 g6 6. Bg2 Bg7 7. O-O O-O 8. c3 h6 9. b4 a6 10. Bb2 Be6 11. Qc2 Qd7 12. Rfe1 f5 13. exd5 Nxd5 14.
Nc4 e4 15. dxe4 fxe4 16. Qxe4 Bf5 17. Nfe5 Bxe4 18. Nxd7 Bxg2 19. Nxf8 Rxf8 20. Kxg2 Nxc3 21. Rec1 Ne4 22. f3 Ng5 23. Bxg7 Kxg7 24. Na5 Nxb4 25. Rxc7+ Kh8 26. Rb1 Nd3 27. f4 Ne4 28. Rbxb7 Nf6 29. Rf7 Re8 30. Rxf6 Re2+ 31. Kf3 1-0

[Event "*** Titled Tuesday Blitz"]
[Site "Chess.com"]
[Date "2020.11.24"]
[Round "7"]
[White "Astaneh"]
[Black "Eliwood44"]
[Result "1-0"]
[WhiteElo "2623"]
[BlackElo "2477"]
[TimeControl "180+1"]
[EndTime "11:33:57 PST"]
[Termination "Astaneh won by resignation"]

1. e4 e5 2. Nf3 Nc6 3. Bc4 Nf6 4. d4 exd4 5. O-O Nxe4 6. Re1 d5 7. Bxd5 Qxd5 8. Nc3 Qa5 9. Nxe4 Be6 10. Neg5 O-O-O 11. Nxe6 fxe6 12. Rxe6 h6 13. Bd2 Qd5 14. Qe2 g5 15.
Re1 Bd6 16. c4 dxc3 17. Bxc3 Rhf8 18. Rxh6 g4 19. Nd2 Bc5 20. Ne4 Bb6 21. Nf6 Qf5 22.
Nxg4 Kb8 23. Rf6 Bxf2+ 24. Qxf2 1-0

[Event "*** Titled Tuesday Blitz"]
[Site "Chess.com"]
[Date "2020.11.24"]
[Round "7"]
[White "Susal_De_Silva"]
[Black "anon481216"]
[Result "1-0"]
[WhiteElo "2538"]
[BlackElo "2405"]
[TimeControl "180+1"]
[EndTime "11:33:57 PST"]
[Termination "Susal_De_Silva won on time"]

1. e4 c5 2. Nf3 e6 3. d4 cxd4 4. Nxd4 Nc6 5. Be2 d6 6. O-O Nf6 7. Nc3 Be7 8. Be3 O-O 9. f4 a6 10. a4 Qc7 11. Kh1 Re8 12. Qe1 Nxd4 13. Bxd4 e5 14. Be3 exf4 15. Bxf4 Be6 16. Qg3 Nd7 17. Bh6 Bf8 18. Rf4 Ne5 19. Bg5 Ng6 20. Rf2 f6 21.
Be3 Rac8 22. Raf1 Qc6 23. h4 Kh8 24. h5 Ne5 25. h6 gxh6 26. Rxf6 Bg7 27. Qh4 Bxf6 28.
Qxf6+ Kg8 29. Bxh6 Qd7 30. Bh5 Red8 31. Nd5 Bxd5 32. exd5 b5 33. a5 b4 34. b3 Ra8 35.
Qg5+ Kh8 36. Rf7 1-0

[Event "*** Titled Tuesday Blitz"]
[Site "Chess.com"]
[Date "2020.11.24"]
[Round "7"]
[White "Skat2704"]
[Black "esteban062000"]
[Result "1-0"]
[WhiteElo "2381"]
[BlackElo "2230"]
[TimeControl "180+1"]
[EndTime "11:33:57 PST"]
[Termination "Skat2704 won by checkmate"]

1. d4 Nf6 2. c4 e6 3. Nf3 Bb4+ 4. Bd2 Qe7 5. g3 O-O 6. Bg2 Nc6 7. O-O Bxd2 8.
Qxd2 Ne4 9. Qc2 f5 10. a3 Ng5 11. Nbd2 d6 12. Rad1 Bd7 13. d5 exd5 14. cxd5 Ne5 15. Nxg5 Qxg5 16. f4 Qg4 17. fxe5 dxe5 18. Nf3 Ba4 19.
b3 Bb5 20. Rfe1 e4 21. Nd4 Ba6 22. Ne6 Rf6 23. Qxc7 Rf7 24. Qc2 b6 25. Nf4 Rc8 26. Qd2 Rfc7 27. d6 Rc2 28. Qd5+ Kh8 29. d7 Rd8 30. Qe6 Qg5 31. Qe8+ Rxe8 32. dxe8=Q# 1-0

[Event "*** Titled Tuesday Blitz"]
[Site "Chess.com"]
[Date "2020.11.24"]
[Round "7"]
[White "Limelight2727"]
[Black "northridgehawk"]
[Result "1-0"]
[WhiteElo "1950"]
[BlackElo "2287"]
[TimeControl "180+1"]
[EndTime "11:33:57 PST"]
[Termination "Limelight2727 won by resignation"]

1. d4 Nf6 2. c4 g6 3. Nc3 d5 4.
Nf3 Bg7 5. Bf4 O-O 6. e3 c5 7. cxd5 Nxd5 8. Be5 cxd4 9. Bxg7 Kxg7 10. Qxd4+ Nf6 11.
Qxd8 Rxd8 12. Bc4 Nc6 13. O-O Bg4 14. Be2 Rd7 15. h3 Bf5 16. Rad1 Rad8 17. Rxd7 Rxd7 18.
Rd1 Rxd1+ 19. Bxd1 Bd3 20. Ba4 Ne4 21. Bxc6 bxc6 22.
Nxe4 Bxe4 23. Nd4 Bd5 24. a3 c5 25. Nb5 a5 26. Nc3 Bc6 27. Kf1 Kf6 28. f3 a4 29. Ke2 Ke5 30. Kd3 Kd6 31. Kc4 f5 32. Nb5+ Kd7 33. Kxc5 e5 34. Nd6 e4 35. fxe4 fxe4 36.
Nc4 Bb7 37. Nb6+ Ke6 38. Nxa4 Kf5 39. Kd4 Kg5 40. Nc5 Ba8 41. g3 Kf5 42. b4 h5 43. b5 h4 44. g4+ Kf6 45. b6 1-0

[Event "*** Titled Tuesday Blitz"]
[Site "Chess.com"]
[Date "2020.11.24"]
[Round "7"]
[White "Chessdreamer2020"]
[Black "Zarikovs1999"]
[Result "1-0"]
[WhiteElo "2523"]
[BlackElo "2382"]
[TimeControl "180+1"]
[EndTime "11:33:59 PST"]
[Termination "Chessdreamer2020 won by resignation"]

1. e4 c5 2. Nf3 Nc6 3. Bb5 g6 4. O-O Bg7 5. c3 Nf6 6. Qa4 O-O 7. d4 cxd4 8. cxd4 Nxe4 9. d5 Nd6 10. dxc6 dxc6 11.
Be2 Bf5 12. Nc3 e5 13. Rd1 Qc7 14. Qh4 Qd7 15. Ng5 h6 16. Nge4 g5 17. Qh5 Bg6 18.
Qf3 g4 19. Qe3 f5 20. Nxd6 f4 21. Qc5 Qc7 22. Bc4+ Kh7 23. Bd3 Bxd3 24. Rxd3 b6 25. Qc4 Rad8 26. Qe4+ Kh8 27. Nf5 Rxd3 28. Qxd3 Rd8 29.
Qe4 Qd7 30. Bxf4 exf4 31. Nxg7 Qxg7 32. Qxf4 Rf8 33. Qe4 Qf6 34. Rf1 h5 35. Qe3 Kg7 36.
Ne4 Qe5 37. Qg5+ Qxg5 38. Nxg5 Rf5 39. f4 Rb5 40. b3 Ra5 41. Rf2 Rxa2 42. Rxa2 Kf6 43. Rxa7 b5 1-0

[Event "*** Titled Tuesday Blitz"]
[Site "Chess.com"]
[Date "2020.11.24"]
[Round "7"]
[White "ShahMatKanal"]
[Black "Pikachess999"]
[Result "1-0"]
[WhiteElo "2512"]
[BlackElo "2370"]
[TimeControl "180+1"]
[EndTime "11:33:59 PST"]
[Termination "ShahMatKanal won by checkmate"]

1. e4 e6 2. d3 d5 3. Nd2 c5 4. g3 Nc6 5. Bg2 Nge7 6. Ngf3 g6 7. O-O Bg7 8. Re1 O-O 9. Qe2 Qc7 10. c3 b6 11. Nf1 Ba6 12. Bf4 Qd7 13. e5 h6 14. h4 Rae8 15. N1h2 h5 16. Bg5 Nf5 17. g4 hxg4 18. Nxg4 Kh7 19. Nf6+ Bxf6 20. Bxf6 Nh6 21.
Qd2 Rh8 22. Bh3 d4 23. Ng5+ Kg8 24. Bxh8 Kxh8 25. Nxe6 Ng8 26. Ng5 Qe7 27. e6 f6 28.
Nf7+ Kg7 29. h5 gxh5 30. Kh1 Ne5 31. Rg1+ Kf8 32. Rxg8+ Kxg8 33. Rg1+ Ng4 34. Bxg4 Bb7+ 35. Bf3+ Kf8 36. Qh6# 1-0

[Event "*** Titled Tuesday Blitz"]
[Site "Chess.com"]
[Date "2020.11.24"]
[Round "7"]
[White "bratkoo"]
[Black "PaulfromSPb"]
[Result "1-0"]
[WhiteElo "2532"]
[BlackElo "2659"]
[TimeControl "180+1"]
[EndTime "11:34:01 PST"]
[Termination "bratkoo won on time"]

1. e4 c5 2. Nf3 d6 3. d4 cxd4 4.
Nxd4 Nf6 5. Nc3 a6 6. h3 g6 7.
Be3 Bg7 8. Bc4 b5 9. Bb3 Bb7 10. Qe2 O-O 11. a3 Nxe4 12. Nxe4 Bxe4 13. Bg5 Bxd4 14.
Qxe4 Bxb2 15. Rb1 Bc3+ 16. Kf1 Ra7 17. h4 Qc8 18. h5 Qf5 19. Qe3 Rc7 20. hxg6 hxg6 21.
Rh4 Bf6 22. Bxf6 Qxf6 23. Rf4 Qg7 24. Ke2 Nc6 25. Rh1 Rfc8 26. Rfh4 Qe5 27. Rh8+ Qxh8 28. Rxh8+ Kxh8 29. Qh6+ Kg8 30. Qxg6+ Kh8 31. Bxf7 1-0

[Event "*** Titled Tuesday Blitz"]
[Site "Chess.com"]
[Date "2020.11.24"]
[Round "7"]
[White "Kretov_Evgenij"]
[Black "Sergienko_Sergey"]
[Result "1-0"]
[WhiteElo "2449"]
[BlackElo "2334"]
[TimeControl "180+1"]
[EndTime "11:34:02 PST"]
[Termination "Kretov_Evgenij won by resignation"]

1. d4 Nf6 2. c4 c5 3. d5 e5 4. Nc3 d6 5. e4 Be7 6. g3 O-O 7. Bg2 Ne8 8. Nge2 g6 9. O-O Ng7 10. h3 Nd7 11. Kh2 a6 12. a3 Rb8 13. b4 b5 14. cxb5 axb5 15. bxc5 Nxc5 16. Rb1 Bd7 17. Be3 Qc7 18. Qd2 f5 19. Rfc1 f4 20. gxf4 exf4 21. Bxf4 Bf6 22. Bh6 Rf7 23. Ng3 Rbf8 24.
Nce2 Qd8 25. f4 Bh4 26. Rf1 Qe7 27. Qe3 Re8 28. Rb4 Nf5 29. Nxf5 Bxf5 30. Nc3 Bf6 31. Bg5 Bxg5 32. fxg5 Qe5+ 33. Kg1 Ref8 34. Qd4 Qg3 35.
exf5 Rxf5 36. Rxf5 Rxf5 37. Rxb5 Rxg5 38. Rb8+ Kf7 39.
Qf2+ Qxf2+ 40. Kxf2 1-0

[Event "*** Titled Tuesday Blitz"]
[Site "Chess.com"]
[Date "2020.11.24"]
[Round "7"]
[White "Nara_Kh"]
[Black "Campelov"]
[Result "1-0"]
[WhiteElo "2368"]
[BlackElo "2192"]
[TimeControl "180+1"]
[EndTime "11:34:02 PST"]
[Termination "Nara_Kh won by resignation"]

1. b3 c5 2. Bb2 Nc6 3. e4 d6 4. Bb5 Bd7 5. f4 e5 6. Nf3 exf4 7. O-O Nf6 8. d3 Be7 9. Nc3 O-O 10. Qd2 a6 11.
Bxc6 Bxc6 12. Qxf4 d5 13. exd5 Nxd5 14. Nxd5 Qxd5 15.
Rae1 Rae8 16. Qg4 f6 17. Nh4 Bd8 18. Nf5 g6 19. Ne3 Qf7 20. Nc4 Rxe1 21. Rxe1 Bc7 22. Qe6 Re8 23. Qxf7+ Kxf7 24. Rxe8 Kxe8 25. Bxf6 Kf7 26.
Be5 Bd8 27. Bd6 b5 28. Ne5+ Ke6 29. Nxc6 Kxd6 30. Nxd8 1-0

[Event "*** Titled Tuesday Blitz"]
[Site "Chess.com"]
[Date "2020.11.24"]
[Round "7"]
[White "QuintilianoR"]
[Black "Neftegor"]
[Result "0-1"]
[WhiteElo "2659"]
[BlackElo "2530"]
[TimeControl "180+1"]
[EndTime "11:34:03 PST"]
[Termination "Neftegor won by resignation"]

1. d4 Nf6 2. c4 e6 3. Nf3 Bb4+ 4.
Nbd2 O-O 5. a3 Be7 6. e4 d6 7. Be2 e5 8. O-O exd4 9. Nxd4 Nc6 10. Nc2 Re8 11. Re1 Bf8 12. Bf1 a5 13. b3 g6 14. Bb2 Bg7 15. Rb1 Ne5 16. h3 c6 17.
Bd4 Nh5 18. g3 f5 19. exf5 Bxf5 20. Rc1 Bh6 21. Ne3 Bd7 22. Nf3 Nxf3+ 23. Qxf3 Rf8 24. Qd1 Qc8 25. Ng4 Bxg4 26. Qxg4 Bxc1 27. Rxc1 Qxg4 28. hxg4 Nf6 29. g5 Ne4 30. Re1 Nxg5 0-1

[Event "*** Titled Tuesday Blitz"]
[Site "Chess.com"]
[Date "2020.11.24"]
[Round "7"]
[White "cukin84"]
[Black "Klavdia_Nik"]
[Result "1-0"]
[WhiteElo "2150"]
[BlackElo "2064"]
[TimeControl "180+1"]
[EndTime "11:34:03 PST"]
[Termination "cukin84 won by resignation"]

1. e4 e5 2. Nf3 Nc6 3. c3 d6 4. d4 exd4 5. cxd4 Nf6 6. Nc3 Be7 7. Bc4 O-O 8. O-O Nxe4 9. Nxe4 d5 10. Bd3 dxe4 11. Bxe4 Bf6 12. Bxc6 bxc6 13. Be3 Be6 14.
Qc2 Bd5 15. Ne5 Qe8 16. Ng4 Be7 17. Rfe1 f6 18. Bf4 Qd7 19. Ne3 Bb4 20. Re2 g5 21. Bg3 Bf7 22. a3 Bd6 23. Rc1 Bxg3 24. hxg3 Qxd4 25.
Qxc6 Qd6 26. Qxc7 Qxc7 27. Rxc7 Bg6 28. Rd2 Rf7 29. Rdd7 Rxd7 30. Rxd7 a5 31. Nd5 Ra6 32. Ne7+ Kg7 33. Nf5+ Kg8 34. g4 Rb6 35. Ne7+ Kg7 36. Nd5+ 1-0

[Event "*** Titled Tuesday Blitz"]
[Site "Chess.com"]
[Date "2020.11.24"]
[Round "7"]
[White "TigrVShlyape"]
[Black "Fh2411"]
[Result "1-0"]
[WhiteElo "2826"]
[BlackElo "2562"]
[TimeControl "180+1"]
[EndTime "11:34:05 PST"]
[Termination "TigrVShlyape won by resignation"]

1. d4 d5 2. Nf3 c6 3. Bf4 Bf5 4. e3 e6 5. c4 Nd7 6. Nc3 Ngf6 7.
Qb3 Qb6 8. c5 Qxb3 9. axb3 Nh5 10. b4 Nxf4 11. exf4 Be7 12. b5 O-O 13. Kd2 f6 14.
Nh4 Bg4 15. Be2 f5 16. Nf3 Bxf3 17. Bxf3 Kf7 18. bxc6 bxc6 19. Ra6 Rfc8 20. Rha1 Rc7 21. b4 Nb8 22. R6a4 Rb7 23. Be2 a6 24. g3 Raa7 25. b5 cxb5 26. Bxb5 Bf6 27. Kd3 Bd8 28. Bxa6 Nxa6 29. Rxa6 Rxa6 30. Rxa6 Rb3 31. Kc2 Rb4 32. Ra4 Rb7 33. Na2 g5 34. fxg5 Bxg5 35. Nb4 Bf6 36. Nd3 h5 37. h4 Ke7 38. Nf4 Rc7 39. Kd3 e5 40. Nxd5+ 1-0

[Event "*** Titled Tuesday Blitz"]
[Site "Chess.com"]
[Date "2020.11.24"]
[Round "7"]
[White "Shahinyan_ChessMood"]
[Black "NeverW84M8"]
[Result "1-0"]
[WhiteElo "2831"]
[BlackElo "2575"]
[TimeControl "180+1"]
[EndTime "11:34:05 PST"]
[Termination "Shahinyan_ChessMood won by resignation"]

1. e4 e5 2. Nf3 Nc6 3. d4 exd4 4.
Nxd4 Bb4+ 5. c3 Bc5 6. Be3 Bb6 7.
Nf5 g6 8. Bxb6 axb6 9. Ne3 Nf6 10. f3 O-O 11. Qd2 Nh5 12. c4 f5 13. exf5 gxf5 14.
Nc3 d6 15. O-O-O f4 16. Ned5 Ne5 17. Bd3 c6 18. Nb4 Be6 19. b3 b5 20. cxb5 Qa5 21.
Nc2 cxb5 22. b4 Qb6 23. Bxb5 Rfc8 24. a4 Bc4 25. Qxd6 Qxd6 26. Rxd6 Bb3 27. Kb2 Bxc2 28. Kxc2 1-0

[Event "*** Titled Tuesday Blitz"]
[Site "Chess.com"]
[Date "2020.11.24"]
[Round "7"]
[White "Angel_Hranitel_37"]
[Black "Kaua18"]
[Result "1-0"]
[WhiteElo "2487"]
[BlackElo "2354"]
[TimeControl "180+1"]
[EndTime "11:34:05 PST"]
[Termination "Angel_Hranitel_37 won on time"]

1. d4 Nf6 2. Nf3 e6 3. c4 b6 4. g3 Bb7 5. Bg2 Bb4+ 6. Bd2 c5 7.
O-O O-O 8. b3 Bxd2 9. Nbxd2 cxd4 10. Qc2 Nc6 11. Rad1 Rc8 12. Ne4 d5 13. Nxf6+ Qxf6 14. cxd5 Ne5 15. Qb2 Nxf3+ 16. Bxf3 e5 17. Bg2 Qg6 18. e4 Rc3 19. f4 f6 20. fxe5 fxe5 21. Rxf8+ Kxf8 22. Rf1+ Kg8 23. Qa3 Rc8 24. Qxa7 Ba8 25.
Bh3 Rd8 26. Be6+ Kh8 27. Qe7 Qe8 28. Qc7 d3 29. Rd1 h6 30. Rxd3 Qf8 31. Rf3 Qxf3 32. Qxd8+ Kh7 33. Bf5+ g6 34. Qe7+ Kh8 35. Qf8+ Kh7 36.
Bxg6+ 1-0

[Event "*** Titled Tuesday Blitz"]
[Site "Chess.com"]
[Date "2020.11.24"]
[Round "7"]
[White "maximnovik"]
[Black "seorobert1971"]
[Result "1-0"]
[WhiteElo "2546"]
[BlackElo "2695"]
[TimeControl "180+1"]
[EndTime "11:34:06 PST"]
[Termination "maximnovik won by resignation"]

1. d4 Nf6 2. Bg5 Ne4 3. Bh4 c5 4. f3 Nf6 5. dxc5 Qa5+ 6. c3 Qxc5 7. e4 Nc6 8. Na3 d6 9. Nb5 Qb6 10. Bf2 Qd8 11. Bc4 a6 12. Nd4 Bd7 13. Nge2 e6 14.
O-O Be7 15. a4 O-O 16. Ng3 Rc8 17. Ba2 Ne5 18. Qe2 Qc7 19. Kh1 Rfe8 20. f4 Nc6 21. Rae1 Nxd4 22. Bxd4 Bxa4 23. e5 Nd5 24. f5 dxe5 25.
Bxe5 Bd6 26. fxe6 fxe6 27. Bxd6 Qxd6 28. Qg4 Bc6 29. Nh5 Rc7 30. c4 Kh8 31. cxd5 Bxd5 32.
Bxd5 Qxd5 33. Rxe6 Rg8 34. Nf4 Qc4 35. Ng6+ 1-0

[Event "*** Titled Tuesday Blitz"]
[Site "Chess.com"]
[Date "2020.11.24"]
[Round "7"]
[White "Gerodot71"]
[Black "sbouchet"]
[Result "1-0"]
[WhiteElo "2478"]
[BlackElo "2323"]
[TimeControl "180+1"]
[EndTime "11:34:07 PST"]
[Termination "Gerodot71 won on time"]

1. d4 Nf6 2. c4 d6 3. Nc3 Nbd7 4.
e4 e5 5. d5 Nc5 6. f3 a5 7. Be3 g6 8. Nge2 h5 9. Qd2 Ng8 10. Qc2 Bh6 11. Bf2 f5 12. Nc1 Nf6 13. Nb3 Na6 14. h3 Nb4 15. Qb1 b6 16. a3 Na6 17.
Bd3 f4 18. Ke2 Kf7 19. Bc2 g5 20. Nd2 Nc5 21. b4 axb4 22. axb4 Rxa1 23. Qxa1 Na6 24. Qb2 g4 25. Bd3 Nb8 26. c5 gxh3 27. gxh3 Rg8 28. Kf1 dxc5 29. bxc5 Nbd7 30. Nc4 bxc5 31. Nb5 Re8 32. Bh4 Bf8 33. Na7 Nb6 34. Nxe5+ Rxe5 35. Qxe5 Bd6 36. Qg5 1-0

[Event "*** Titled Tuesday Blitz"]
[Site "Chess.com"]
[Date "2020.11.24"]
[Round "7"]
[White "vladgoncharov"]
[Black "verdest"]
[Result "0-1"]
[WhiteElo "2480"]
[BlackElo "2624"]
[TimeControl "180+1"]
[EndTime "11:34:12 PST"]
[Termination "verdest won by resignation"]

1. d4 Nf6 2. c4 c5 3. d5 b5 4. cxb5 a6 5. b6 d6 6. Nc3 Nbd7 7. e4 g6 8. a4 Qxb6 9. Nf3 Bg7 10. a5 Qb4 11. Ra4 Qb7 12. Bc4 O-O 13. O-O Ne8 14. Qd3 Nc7 15. b3 Rb8 16. Bg5 Re8 17. h4 Nb5 18. Ne2 h6 19. Bf4 Nf6 20.
Qd2 Nxe4 21. Qe3 Nec3 22. Bxh6 Nxd5 23. Bxd5 Qxd5 24. Bxg7 Kxg7 25. Nf4 Qf5 26. Ng5 Bb7 27. h5 e5 28. Nfh3 Nd4 29. hxg6 Qxg6 30. Rxd4 cxd4 31.
Qg3 f6 32. Rc1 Rbc8 33. Rxc8 Bxc8 0-1

[Event "*** Titled Tuesday Blitz"]
[Site "Chess.com"]
[Date "2020.11.24"]
[Round "7"]
[White "anon219"]
[Black "AryanTari"]
[Result "0-1"]
[WhiteElo "2774"]
[BlackElo "2906"]
[TimeControl "180+1"]
[EndTime "11:34:13 PST"]
[Termination "AryanTari won by resignation"]

1. e4 e5 2. Nf3 Nc6 3. Bc4 Nf6 4.
Ng5 d6 5. Nxf7 Qe7 6. Nxh8 Bg4 7.
Be2 Be6 8. Nc3 Nd4 9. d3 O-O-O 10. Bg5 Qd7 11. Nd5 Be7 12. Nxe7+ Qxe7 13. c3 Nxe2 14. Qxe2 Rg8 15. O-O Rxh8 16. f4 h6 17. fxe5 hxg5 18.
exf6 gxf6 19. Qf2 Rh6 20. Qxa7 Qh7 21. Qa8+ Kd7 22. Qa4+ Ke7 23. Qd4 g4 24. Rf4 Rxh2 25. Qxf6+ Kd7 26. Raf1 Kc6 27. Kf2 Qh3 28. Ke2 Rxg2+ 29. R1f2 Rxf2+ 30. Rxf2 g3 31. Rf1 Bg4+ 32. Kd2 Qg2+ 33. Kc1 Be2 34. Rd1 Bxd1 35. Kxd1 Qg1+ 36. Kc2 Qf2+ 0-1

[Event "*** Titled Tuesday Blitz"]
[Site "Chess.com"]
[Date "2020.11.24"]
[Round "7"]
[White "DoHoChess"]
[Black "rasmussvane"]
[Result "1-0"]
[WhiteElo "2703"]
[BlackElo "2874"]
[TimeControl "180+1"]
[EndTime "11:34:15 PST"]
[Termination "DoHoChess won on time"]

1. Nf3 d5 2. d4 e6 3. c4 a6 4.
Nbd2 dxc4 5. Nxc4 b5 6. Nce5 Bb7 7.
e3 Nf6 8. a4 Bb4+ 9. Bd2 Bxd2+ 10. Qxd2 Ne4 11. Qc2 Qe7 12. Bd3 Qb4+ 13. Ke2 Nd6 14.
axb5 axb5 15. Rxa8 Bxa8 16. Ra1 Bb7 17. Kf1 f6 18. Qxc7 fxe5 19. Qxb8+ Bc8 20. dxe5 O-O 21. Qxd6 Qxb2 22. Rb1 Qa2 23. Rd1 Bb7 24. Bxh7+ Kxh7 25. Qxf8 Bd5 26. Kg1 Qe2 27. Re1 Qd3 28. Ng5+ Kg6 29. h4 b4 30. Qe8+ 1-0

[Event "*** Titled Tuesday Blitz"]
[Site "Chess.com"]
[Date "2020.11.24"]
[Round "7"]
[White "sboshaon21"]
[Black "sopo-tereladze"]
[Result "0-1"]
[WhiteElo "2093"]
[BlackElo "2294"]
[TimeControl "180+1"]
[EndTime "11:34:17 PST"]
[Termination "sopo-tereladze won on time"]

1. e4 e5 2. Nf3 Nc6 3. Bb5 a6 4. Ba4 Nf6 5. O-O Be7 6. Re1 b5 7.
Bb3 O-O 8. c3 d5 9. exd5 Nxd5 10. d4 exd4 11. Nxd4 Nxd4 12. Qxd4 Be6 13. Nd2 c5 14.
Qe4 Nf6 15. Qe2 Bxb3 16. axb3 Re8 17. Nf3 Bd6 18. Qd1 Rxe1+ 19. Qxe1 Qd7 20. Bg5 Re8 21. Qc1 Ne4 22. Be3 Qb7 23. Qd1 h6 24. h3 Rd8 25. Qc2 Bb8 26. Rd1 Re8 27. Qd3 Qc7 28. Qd7 Re7 29. Qxc7 Bxc7 30. Rd5 Bb6 31. b4 Ba7 32.
bxc5 Rc7 33. b4 Nxc3 34. Rd8+ Kh7 35. Bf4 Re7 36. c6 Ne2+ 37. Kh2 Nxf4 38. Rd7 Rxd7 39.
cxd7 Ne6 40. Ne5 Bb8 0-1